[Event "Sunway Sitges Chess Festival"]
[Date "2024.12.21"]
[White "Arkell, Keith C"]
[Black "Jaksland, Tim"]
[WhiteElo "2355"]
[BlackElo "2107"]
[Round "7.25"]
[Result "1/2-1/2"]
[TimeControl "40/5400+30:1800+30"]

1. d4 Nf6 2. Nf3 e6 3. c4 d5 4. cxd5 exd5 5. Nc3 Bb4 6. Qa4+ Nc6 7. Bg5 h6 8. Bxf6 Qxf6 9. e3 O-O 10. Be2 Be6 11. a3 Bxc3+ 12. bxc3 Qg6 13. O-O Bh3 14. Ne1 Rfd8 15. Bd3 Bf5 16. Bxf5 Qxf5 17. c4 dxc4 18. Qxc4 Rac8 19. a4 Na5 20. Qc2 Qxc2 21. Nxc2 c5 22. Rfb1 cxd4 23. Nxd4 Rd7 24. Rc1 Rxc1+ 25. Rxc1 g6 26. Rc8+ Kg7 27. g4 Kf6 28. Kg2 Rd6 29. h4 Rb6 30. g5+ hxg5 31. hxg5+ Ke7 32. Rc7+ Ke8 33. f4 a6 34. Rc5 Nb3 35. Nxb3 Rxb3 36. Kf3 Kd7 37. Ke4 Kd6 38. Rd5+ Ke6 39. Re5+ Kd6 40. a5 Rb4+ 41. Kd3 b5 42. axb6 Rxb6 43. Re8 Rb1 44. Rd8+ Ke6 45. Rc8 Ra1 46. Rc6+ Ke7 47. Rb6 Ra4 48. Rb3 Ke6 49. e4 Ra5 50. Kd4 Ke7 51. Ke3 Ke6 52. Rb6+ Ke7 53. Rb4 Ke6 54. Rb6+ Ke7 55. Rb4 Ke6 56. Kf3 Ra1 57. Rb6+ Ke7 58. Rc6 Kd7 59. Rb6 Ke7 60. f5 gxf5 61. exf5 Ra4 62. f6+ Kd7 63. Kg3 Ra1 64. Rb8 Ke6 65. Kg4 Rg1+ 66. Kf4 Rf1+ 67. Ke4 Re1+ 68. Kf4 Rf1+ 69. Ke4 1/2-1/2

[Variant "Standard"]
[Site "Europe Echecs"]

[Event "Sunway Sitges Chess Festival"]
[Date "2024.12.21"]
[White "Khusenkhojaev, Mustafokhuja"]
[Black "Lam, Chun Yung Samuel"]
[WhiteElo "2339"]
[BlackElo "2065"]
[Round "7.26"]
[Result "1-0"]
[TimeControl "40/5400+30:1800+30"]

1. d4 Nf6 2. c4 c5 3. d5 e6 4. Nc3 exd5 5. cxd5 d6 6. Nf3 g6 7. g3 Bg7 8. Bg2
O-O 9. O-O Re8 10. Bf4 Na6 11. Re1 Bg4 12. h3 Bxf3 13. Bxf3 Nd7 14. Bg2 Ne5 15.
Qc1 Nc7 16. a4 Rb8 17. Bg5 f6 18. Bd2 f5 19. Qc2 Qd7 20. e4 c4 21. exf5 gxf5 22.
b3 b5 23. axb5 Nxb5 24. Nxb5 Rxb5 25. bxc4 Rb2 26. Qd1 Nxc4 27. Rxe8+ Qxe8 28.
Bf4 Qb8 29. Qh5 Rb7 30. Rc1 Ne5 31. Qxf5 Rc7 32. Qe6+ Nf7 33. Rc6 Bf8 34. Bg5 a5
35. Be4 a4 36. Bf6 Bg7 37. Rxc7 Qxc7 38. Qe8+ Bf8 39. Qxa4 Qc1+ 40. Kg2 Qh6 41.
Qd4 Bg7 42. Bxg7 Qxg7 43. Qxg7+ Kxg7 44. f4 h6 45. g4 Kf6 46. h4 Nd8 47. g5+ Kg7
48. Kf3 Nb7 49. f5 Nc5 50. Bc2 Nd7 51. Kf4 Ne5 52. f6+ Kf7 53. Be4 Nc4 54. Bd3
Ne5 55. Bc2 Nc4 56. Ba4 Nb6 57. Bb3 Kg6 58. Bc2+ Kf7 59. Kf5 1-0

[Variant "Standard"]
[Site "Europe Echecs"]

[Event "Sunway Sitges Chess Festival"]
[Date "2024.12.21"]
[White "Shamatava, Nikolozi"]
[Black "Singh, Siddharth"]
[WhiteElo "2334"]
[BlackElo "2107"]
[Round "7.27"]
[Result "1-0"]
[TimeControl "40/5400+30:1800+30"]

1. e4 c5 2. Nf3 d6 3. d4 cxd4 4. Nxd4 Nf6 5. Nc3 a6 6. Nb3 e6 7. g4 b5 8. Bg2 Bb7 9. g5 Nfd7 10. h4 Nc6 11. f4 Be7 12. Be3 Nb6 13. Qd3 Nc4 14. O-O-O Nxe3 15. Qxe3 Na5 16. Qd4 O-O 17. Kb1 Nc4 18. Qd3 Qb6 19. Nd4 Rfc8 20. h5 e5 21. Nf5 Bf8 22. g6 Qa5 23. gxf7+ Kxf7 24. Nd5 b4 25.
fxe5 Bxd5 26. exd5 Nxe5 27. Nxd6+ Bxd6 28. Qf5+ Kg8 29. Be4 Re8 30. Rdf1 g6 31. hxg6 hxg6 32. Qf6 Qc7 33. Rh8# 1-0

[Variant "Standard"]
[Site "Europe Echecs"]

[Event "Sunway Sitges Chess Festival"]
[Date "2024.12.21"]
[White "Savitha Shri B"]
[Black "Merkel, Luis"]
[WhiteElo "2329"]
[BlackElo "2056"]
[Round "7.28"]
[Result "1-0"]
[TimeControl "40/5400+30:1800+30"]

1. e4 c5 2. Nf3 d6 3. d4 cxd4 4. Nxd4 Nf6 5. Nc3 a6 6. Qd3 Nbd7 7. Be2 b5 8. Nd5 Bb7 9. a4 Nxd5 10. exd5 Bxd5 11. axb5 axb5 12. Rxa8 Bxa8 13.
Nxb5 Nc5 14. Qa3 Bxg2 15. Rg1 Bc6 16. b4 Ne6 17. Be3 Bd7 18. f4 Qb8 19. c4 g6 20. f5 Nc7 21. Qa1 Rg8 22. Qa5 Nxb5 23. cxb5 Bg7 24. b6 Bc3+ 25. Kf1 Bc6 26. Rg4 Kd7 27. Rc4 d5 28. Rxc6 Kxc6 29. Qc5+ Kd7 30. Bb5+ 1-0

[Variant "Standard"]
[Site "Europe Echecs"]

[Event "Sunway Sitges Chess Festival"]
[Date "2024.12.21"]
[White "Paasikangas, Johanna"]
[Black "Safarov, Deniel"]
[WhiteElo "2048"]
[BlackElo "2319"]
[Round "7.29"]
[Result "0-1"]
[TimeControl "40/5400+30:1800+30"]

1. d4 g6 2. c4 Bg7 3. Nc3 d6 4. e4 Nf6 5. Nf3 O-O 6. g3 c6 7. Bg2 Qb6 8. O-O Bg4 9. h3 Bxf3 10. Bxf3 Nfd7 11. Ne2 c5 12. Bg5 Re8 13. e5 dxe5 14. dxc5 Nxc5 15. Be3 Nba6 16. Rb1 Rad8 17. Qc1 Qc7 18. Nc3 Qc8 19. Bg2 Nb4 20. Nd5 Nbd3 21. Qc2 e6 22. Nc3 f5 23. a3 e4 24. b4 Nd7 25. Bg5 Qxc4 26. Bxd8 Rxd8 27. Qb3 Qxc3 28.
Qxe6+ Kh8 29. Qd5 Qc7 30. a4 N7e5 31. Qa2 h5 32. Rfd1 h4 33. Bf1 hxg3 34. fxg3 Nf3+ 35. Kg2 Qc6 36. Rbc1 Nfe1+ 37. Kh2 Qb6 38. Bxd3 Nxd3 39. Rc4 Be5 40. Qd2 Kg7 41. Qg2 Nf4 0-1

[Variant "Standard"]
[Site "Europe Echecs"]

[Event "Sunway Sitges Chess Festival"]
[Date "2024.12.21"]
[White "Karimov, Alisher"]
[Black "Janiashvili, Mariami"]
[WhiteElo "2296"]
[BlackElo "2017"]
[Round "7.30"]
[Result "1-0"]
[TimeControl "40/5400+30:1800+30"]

1. d4 d5 2. Nf3 Nf6 3. g3 c5 4. Bg2 Nc6 5. O-O e6 6. c4 dxc4 7. Qa4 Bd7 8. Qxc4 cxd4 9. Nxd4 Rc8 10. Nc3 Nxd4 11. Qxd4 Bc5 12. Qh4 Bc6 13. Bg5 Be7 14. Bxc6+ Rxc6 15. e4 Nd7 16. Bxe7 Qxe7 17. Qf4 O-O 18. e5 Qc5 19. Rfe1 f6 20. exf6 Rxf6 21. Qe3 Ne5 22. Qxc5 Nf3+ 23. Kf1 Rxc5 24. Ne4 Nxe1 25. Nxc5 Nf3 26. Kg2 b6 27. Ne4 Rf8 28. Rd1 Ne5 29. b3 h6 30. Rd6 Re8 31. f4 Ng6 32. Rd7 Re7 33. Rd8+ Kh7 34. h4 Rc7 35. Kf3 Ne7 36. h5 Nd5 37. Re8 Nc3 38. Nd6 Nxa2 39. Nc4 g6 40. hxg6+ Kxg6 41. Rxe6+ Kg7 42. Nd6 h5 43. Ne8+ 1-0

[Variant "Standard"]
[Site "Europe Echecs"]

[Event "Sunway Sitges Chess Festival"]
[Date "2024.12.21"]
[White "Mannion, Stephen R"]
[Black "Coles, Robin"]
[WhiteElo "2139"]
[BlackElo "2291"]
[Round "7.31"]
[Result "0-1"]
[TimeControl "40/5400+30:1800+30"]

1. e4 e6 2. d4 d5 3. Nd2 c5 4. Ngf3 cxd4 5. Nxd4 Nf6 6. exd5 a6 7. N2f3 Qxd5 8. Be2 e5 9. Nb3 Qxd1+ 10. Bxd1 Nc6 11. O-O Be6 12. Re1 O-O-O 13. Be3 Nd5 14. Bc5 f6 15. Bxf8 Rhxf8 16. c3 Nf4 17. Nc5 Bd5 18. g3 Ng6 19. b3 Nb8 20. c4 Bc6 21. Re3 Rd6 22. Bc2 Ne7 23. Ne4 Bxe4 24. Rxe4 Nbc6 25. Re2 Nb4 26. Kg2 Rfd8 27. h4 Nxc2 28. Rxc2 e4 29. Ng1 Nc6 30. Re2 f5 31. f3 Nd4 32. Rb2 Nxf3 33. Nxf3 exf3+ 34. Kxf3 Rd3+ 35. Kf2 f4 36. gxf4 Rf8 37. Ke2 Rh3 38. Rf1 Rxh4 39. Ke3 g5 40. f5 Re8+ 41. Kd3 Rd8+ 42. Kc3 Rf8 43. Kd3 Kd7 44. Rg2 h6 45. f6 Rf7 46. b4 Ke8 47. b5 Rd7+ 48. Kc3 Rc7 49. bxa6 Rcxc4+ 50. Kb3 bxa6 51. f7+ Kf8 52. Re2 Rcf4 53. Rc1 Rb4+ 54. Ka3 Ra4+ 55. Kb2 Rab4+ 56. Ka3 Ra4+ 57. Kb2 Kxf7 58.
Rc7+ Kg6 59. Re6+ Kh5 60. Rcc6 Kg4 61.
Rxa6 Rxa6 62. Rxa6 Rh2+ 63. Kb3 h5 64. a4 h4 65. a5 h3 66. Rc6 Re2 67. Rc4+ Kh5 68. a6 Re8 69. a7 Ra8 70. Rc7 Kh4 71. Kc3 h2 72. Kd4 Kg4 73. Rh7 Kg3 74. Rh5 Rxa7 75. Rxg5+ Kh4 76. Rg8 Rh7 0-1

[Variant "Standard"]
[Site "Europe Echecs"]

[Event "Sunway Sitges Chess Festival"]
[Date "2024.12.21"]
[White "Torres Rosas, Luis Carlos"]
[Black "Koh, Ming Yao Gavin"]
[WhiteElo "2277"]
[BlackElo "1995"]
[Round "7.32"]
[Result "0-1"]
[TimeControl "40/5400+30:1800+30"]

1. c4 e6 2. g3 d5 3. Bg2 d4 4. Nf3 Nc6 5. d3 Bc5 6. O-O a5 7. Nbd2 e5 8. a3 Nf6 9. Rb1 a4 10. b4 axb3 11. Nxb3 Be7 12. Ne1 O-O 13. Nc2 Bf5 14. Bg5 Ra7 15. Bxf6 Bxf6 16. Nd2 Qd7 17. Re1 Be7 18. Rb5 f6 19. Rb3 Nd8 20. e3 dxe3 21. fxe3 c6 22. d4 exd4 23. Nxd4 Bg4 24. Qc1 Ne6 25. Nxe6 Bxe6 26. Rc3 Rfa8 27. c5 f5 28. Nf3 Bf6 29. Rd1 Qxd1+ 30. Qxd1 Bxc3 31. Qd6 Bc4 32. Ne5 Bxe5 33. Qxe5 Rxa3 34. h4 Bf7 35. Kh2 Re8 36. Qc7 Rb3 37. Qd7 h5 38. Qxf5 Rbxe3 39. Bf1 R3e5 40. Qf2 Rd8 41. Qc2 Red5 42. Qc3 Rd2+ 43. Kg1 Rd1 44. Kf2 Bg6 45. Be2 R1d2 46. Ke3 R8d3+ 47. Bxd3 Rxd3+ 48. Qxd3 Bxd3 49. Kxd3 Kf7 50. Ke4 Ke6 51. Kf4 Kd5 52. Kg5 Kxc5 53. Kxh5 b5 0-1

[Variant "Standard"]
[Site "Europe Echecs"]

[Event "Sunway Sitges Chess Festival"]
[Date "2024.12.21"]
[White "Brzezina, Piotr"]
[Black "Bartakke Aditya"]
[WhiteElo "2274"]
[BlackElo "1957"]
[Round "7.33"]
[Result "1-0"]
[TimeControl "40/5400+30:1800+30"]

1. e4 c5 2. Nf3 d6 3. d4 cxd4 4. Nxd4 Nf6 5. Nc3 Nc6 6. Bg5 e6 7. Qd2 a6 8. O-O-O Bd7 9. f3 Be7 10. Kb1 Nxd4 11. Qxd4 O-O 12. h4 b5 13. e5 dxe5 14. Qxe5 Re8 15. Bd3 b4 16. Ne4 Bc6 17. Bb5 Nd7 18. Bxc6 Nxe5 19. Rxd8 Nxc6 20. Rxa8 Rxa8 21. Bxe7 Nxe7 22. Rd1 Nd5 23. Rd2 Kf8 24. c4 bxc3 25. Nxc3 Nb6 26. Rd4 Rc8 27. Rd6 Rb8 28. Rc6 Ke7 29. Rc7+ Kf6 30. Kc2 h5 31. b3 Rf8 32. Rb7 Na8 33. Ra7 Ke5 34. Kd3 Rd8+ 35. Ke3 Rc8 36. Ne4 Nc7 37. Kd2 Kd5 38. Rb7 Kc6 39. Rb4 Rd8+ 40. Ke2 f6 41. Rc4+ Kb6 42. Nc5 e5 43. Na4+ Kb7 44. Nc5+ Kb6 45. a4 a5 46. g3 Rd5 47. Ne4 Rd8 48. b4 axb4 49. a5+ Kb7 50. Nc5+ Ka7 51. Rxb4 Na6 52. Rb7+ Ka8 53. Ne6 Kxb7 54. Nxd8+ Kc8 55. Ne6 g6 56. Nf8 g5 57. Nh7 gxh4 58. gxh4 f5 59. Nf6 Nc5 60. Nxh5 Ne6 61. Ke3 Kb7 62. f4 exf4+ 63.
Nxf4 Nf8 64. Kd4 Nd7 65. h5 Nf6 66. h6 Ka6 67. Nd5 Nh7 68. Ke5 f4 69. Kxf4 Kxa5 70. Kf5 Kb5 71. Nf6 Nf8 72. Nd7 1-0

[Variant "Standard"]
[Site "Europe Echecs"]

[Event "Sunway Sitges Chess Festival"]
[Date "2024.12.21"]
[White "Wang, Lachlan"]
[Black "Van Zyl-Rudd, Jack"]
[WhiteElo "1848"]
[BlackElo "2268"]
[Round "7.34"]
[Result "1-0"]
[TimeControl "40/5400+30:1800+30"]

1. e4 c5 2. Nf3 d6 3. d4 cxd4 4. Nxd4 Nf6 5. Nc3 a6 6. Rg1 Nc6 7. g4 h6 8. Be3 Nxd4 9. Bxd4 e5 10. Be3 Be6 11. h4 Rc8 12. g5 hxg5 13. hxg5 Rxc3 14. bxc3 Nxe4 15. Bg2 Nxc3 16. Qd2 Qc7 17. Bb6 Qxb6 18. Qxc3 d5 19. Qxe5 Bc5 20. Qg3 O-O 21. Rh1 Qb4+ 22. Kf1 Qb2 23. Re1 Rd8 24. Qh4 Kf8 25. g6 Qb5+ 26. Kg1 Qa5 27. Qxd8+ Qxd8 28. Rh8+ Ke7 29. Rxd8 Kxd8 30. gxf7 Bxf7 31. Rd1 d4 32. Bxb7 a5 33. c3 Bxa2 34. cxd4 Bb4 35. Bc6 Bb3 36. Rb1 Bc4 37. Kg2 Kc7 38. Ba4 Kd6 39. Kf3 Kd5 40. Ke3 Bc3 41. Rd1 Bb2 42. Be8 Kd6 43. Rg1 Ke7 44. Ba4 Kf6 45. Ke4 Be6 46. Rd1 Ba3 47. d5 Bg4 48. f3 Bf5+ 49. Kd4 g5 50. Kc4 Bb4 51. Be8 Ke5 52. Bf7 Bc2 53. Rg1 Kf6 54. Bh5 Kf5 55. Bg4+ Ke5 56. Rg2 Ba4 57. Re2+ Kd6 58. Re6+ Kc7 59. Rg6 Be7 60. Kd4 Be8 61. Re6 Kd8 62. Ra6 Bb4 63. d6 1-0

[Variant "Standard"]
[Site "Europe Echecs"]

[Event "Sunway Sitges Chess Festival"]
[Date "2024.12.21"]
[White "Makkar, Rajat"]
[Black "Lopez Garcia, Miguel Angel"]
[WhiteElo "2433"]
[BlackElo "2127"]
[Round "7.35"]
[Result "1/2-1/2"]
[TimeControl "40/5400+30:1800+30"]

1. d4 Nf6 2. Nf3 d5 3. c4 dxc4 4. e3 e6 5. Bxc4 c5 6. O-O a6 7. Nbd2 b5 8. Be2 Nbd7 9. a4 Rb8 10. axb5 axb5 11. e4 c4 12. Qc2 Bb7 13. b3 cxb3 14. Qb1 Qb6 15. Bd3 Bb4 16. Bb2 h6 17. Nxb3 O-O 18. d5 exd5 19. e5 Ne4 20. Nbd4 Ndc5 21. Bc2 Ne6 22. Qc1 Nc3 23. Bxc3 Bxc3 24. Bh7+ Kxh7 25. Qxc3 b4 26. Qd3+ Kg8 27. Rfd1 Nc5 28. Qe3 Bc8 29. Nh4 Ne4 30. Rd3 Ba6 31. Rb3 Bc4 32. Rb2 Rfe8 33. f4 b3 34. Rab1 Nc5 35. Nhf5 Qg6 36. Rd2 Ne4 37. Rdb2 Nc5 38. Rd2 Ne4 39. Rdb2 Nc5 1/2-1/2

[Variant "Standard"]
[Site "Europe Echecs"]

[Event "Sunway Sitges Chess Festival"]
[Date "2024.12.21"]
[White "Patel, Zain"]
[Black "Dhruva Thota"]
[WhiteElo "2099"]
[BlackElo "2351"]
[Round "7.36"]
[Result "1-0"]
[TimeControl "40/5400+30:1800+30"]

1. Nf3 Nf6 2. g3 g6 3. b3 Bg7 4. Bb2 O-O 5. Bg2 c5 6. c4 d6 7. O-O e5 8. Nc3 Nc6 9. d3 h6 10. Nd2 Be6 11. Nde4 Ne8 12. Nd5 Qd7 13. Qd2 Rb8 14. Nec3 f5 15. e3 Nf6 16. f4 Rbe8 17. Rae1 Kh7 18. Nb5 Bg8 19. d4 exd4 20. exd4 Nxd5 21. cxd5 Nb4 22. Na3 Bxd5 23. Bxd5 Nxd5 24. dxc5 Bxb2 25.
Qxb2 dxc5 26. Nc4 Rxe1 27. Rxe1 Re8 28.
Rd1 Re4 29. Ne5 Qe6 30. Qa3 Rb4 31.
Qxa7 Qd6 32. Qa8 c4 33. Qe8 Qb6+ 34. Kh1 1-0

[Variant "Standard"]
[Site "Europe Echecs"]

[Event "Sunway Sitges Chess Festival"]
[Date "2024.12.21"]
[White "Yonemitsu, Kohei"]
[Black "Patrascu, Catalin-Lucian"]
[WhiteElo "2076"]
[BlackElo "2299"]
[Round "7.37"]
[Result "0-1"]
[TimeControl "40/5400+30:1800+30"]

1. e4 c5 2. Nf3 e6 3. c3 Nf6 4. e5 Nd5 5. d4 cxd4 6. cxd4 b6 7. Nc3 Nxc3 8. bxc3 Qc7 9. Bd2 d6 10. Bd3 Nd7 11. Qe2 Bb7 12. O-O dxe5 13. Nxe5 Nxe5 14. dxe5 Bc5 15. Rfe1 O-O 16. Qg4 Rfd8 17. Bh6 f5 18. exf6 Rxd3 19. Bxg7 Rd7 20. Rad1 Rxg7 21. fxg7 Bd5 22. Qg5 Qf7 23. Re2 Qg6 24. Qxg6 hxg6 25. Rc2 b5 26. Kf1 Kxg7 27. Rcd2 Rf8 28. f3 Rf4 29. Ke1 Rc4 30. Rd3 Bb6 31. Rb1 a6 32. Rb2 Ra4 33. Kd1 Kf6 34. Rbd2 Bxa2 35. Rd6 Be3 36. Rb2 Bc4 37. Kc2 Bf4 38. Rd8 Bxh2 39. Rf8+ Kg7 40. Ra8 Be5 0-1

[Variant "Standard"]
[Site "Europe Echecs"]

[Event "Sunway Sitges Chess Festival"]
[Date "2024.12.21"]
[White "Luk, Danbe"]
[Black "Hu, Jiani"]
[WhiteElo "1893"]
[BlackElo "2101"]
[Round "7.38"]
[Result "0-1"]
[TimeControl "40/5400+30:1800+30"]

1. d4 f5 2. Bf4 Nf6 3. e3 d6 4. Nf3 g6 5. c4 Bg7 6. Nc3 O-O 7. c5 c6 8. Bc4+ d5 9. Be2 Nbd7 10. Ng5 Nb8 11. Nf3 h6 12. h3 Nbd7 13. b4 Ne4 14. Qc2 a5 15. b5 g5 16. bxc6 bxc6 17. Bh2 Qe8 18. Nxe4 fxe4 19. Ne5 Nxe5 20. Bxe5 Bxe5 21. dxe5 Qg6 22. g4 Qf7 23. O-O Qe6 24. f4 exf3 25. Rxf3 Rxf3 26. Bxf3 Qxe5 27. Qg6+ Qg7 28.
Qe8+ Kh7 29. Rf1 Bb7 30. Qd7 Ba6 31.
Qxc6 Bxf1 32. Qxa8 Qa1 33. Bxd5 Bc4+ 34. Kh2 Qe5+ 35. Kg1 Bxd5 36. Qe8 Qg3+ 37. Kf1 Bc4# 0-1

[Variant "Standard"]
[Site "Europe Echecs"]

[Event "Sunway Sitges Chess Festival"]
[Date "2024.12.21"]
[White "Kumar, Sanjit S"]
[Black "Kong, Lingzhijie"]
[WhiteElo "2034"]
[BlackElo "1816"]
[Round "7.39"]
[Result "1-0"]
[TimeControl "40/5400+30:1800+30"]

1. d4 Nf6 2. c4 g6 3. Nc3 d5 4. Nf3 Bg7 5. Qb3 dxc4 6. Qxc4 O-O 7. e4 Na6 8. Be2 c5 9. d5 e6 10. O-O exd5 11. exd5 Nb4 12. Rd1 Nc2 13. Rb1 Nd4 14. Nxd4 cxd4 15. Qxd4 Bf5 16. Bd3 Ng4 17. Qf4 Be5 18. Qf3 Bxh2+ 19. Kf1 Be5 20. Bf4 Bxd3+ 21. Rxd3 Qh4 22. Kg1 Nh2 23. Qg3 Qxf4 24. Qxf4 Bxf4 25. g3 Ng4 26. gxf4 Nf6 27. d6 Rad8 28. Rbd1 Rd7 29. Nb5 a6 30. Na3 b5 31. Rc1 b4 32. Nc4 Rc8 33. b3 Ne4 34. Re1 Nc5 35. Rd5 Rc6 36. Ne5 Rdxd6 37. Nxc6 Rxc6 38. Rc1 Nd3 39. Rxc6 Nxf4 40. Rd8+ Kg7 41. Rxa6 h5 42. Rd7 h4 43. Raa7 h3 44. Rxf7+ Kh6 45. Rxf4 1-0

[Variant "Standard"]
[Site "Europe Echecs"]

[Event "Sunway Sitges Chess Festival"]
[Date "2024.12.21"]
[White "Ghazaryan, Raffi"]
[Black "Vihaan Dumir"]
[WhiteElo "2097"]
[BlackElo "1799"]
[Round "7.40"]
[Result "1/2-1/2"]
[TimeControl "40/5400+30:1800+30"]

1. d4 d5 2. c4 e6 3. Nc3 h6 4. Nf3 Nf6 5. cxd5 exd5 6. Bf4 Bd6 7. Bxd6 Qxd6 8. Qc2 O-O 9. e3 c6 10. Bd3 Re8 11. h3 Nbd7 12. O-O Qe7 13. Nd2 Nb6 14. Rfe1 Be6 15. Rab1 Qd7 16. Ne2 Qe7 17. Qc5 Qd7 18. Ng3 Nc8 19. Nf3 Qc7 20. Ne5 Nd7 21. Nxd7 Qxd7 22. Rbd1 Nd6 23. Bb1 g6 24. Qc1 Kg7 25. f3 f5 26. e4 fxe4 27. fxe4 dxe4 28. Nxe4 Nxe4 29. Rxe4 Bf5 30. Re5 Bxb1 31. Qxb1 Rad8 32. Qe4 Rxe5 33. Qxe5+ Kh7 34. Re1 Rf8 35. Kh1 Rf7 36. Qc5 a6 37. a4 Qc7 38. Qc3 Re7 39. Rxe7+ Qxe7 40. b4 h5 41. Qc4 h4 42. Qc3 1/2-1/2

[Variant "Standard"]
[Site "Europe Echecs"]

[Event "Sunway Sitges Chess Festival"]
[Date "2024.12.21"]
[White "Koridze, Lile"]
[Black "Travadon, Loic"]
[WhiteElo "2107"]
[BlackElo "2428"]
[Round "7.41"]
[Result "0-1"]
[TimeControl "40/5400+30:1800+30"]

1. d4 Nf6 2. c4 c5 3. d5 e6 4. Nc3 exd5 5. cxd5 g6 6. Nf3 d6 7. Bg5 Bg7 8. Nd2 O-O 9. Nc4 Nbd7 10. e3 Nb6 11. Na3 h6 12. Bh4 g5 13. Bg3 Nbxd5 14. Nxd5 Nxd5 15. Nc4 Be6 16. Qd2 b5 17. Na3 a6 18. Be2 c4 19. Rc1 Qf6 20. b3 c3 21. Qd1 Nb4 22. Nc2 Nxc2+ 23. Qxc2 d5 24. Bd3 Rac8 25. O-O Rfe8 26. e4 dxe4 27. Bxe4 Rcd8 28. Rcd1 Rxd1 29. Rxd1 Rd8 30. Rd3 Rxd3 31. Bxd3 Qd4 32. Kf1 b4 33. f3 a5 34. Bf2 Qd6 35. h3 Be5 36. Qe2 a4 37. bxa4 Bxa2 38. a5 b3 39. a6 c2 40. Be3 Bd4 41. Bc1 Qh2 42. Ke1 Qg1+ 43. Kd2 Qxc1+ 44. Kxc1 b2+ 45. Kxc2 b1=Q+ 46.
Kd2 Qb4+ 47. Kd1 Bb3+ 48. Bc2 Qa4 49.
Bxb3 Qxb3+ 50. Qc2 Qe3 51. Qe2 Qg1+ 52. Kc2 Qa1 53. Qe4 Qc3+ 54. Kd1 Kg7 55. Ke2 Qc4+ 56. Qd3 Qa2+ 57. Kd1 Qa1+ 58. Ke2 Qg1 59. Qe4 Qf2+ 60. Kd3 Bf6 61. Qe3 Qf1+ 62. Qe2 Qc1 63. Qa2 Qc3+ 64. Ke2 Bd4 65. Qd2 Qxd2+ 66. Kxd2 Kf6 67. Kd3 Ke5 68. g3 Kd5 69. h4 gxh4 70. gxh4 h5 71. Kd2 Ba7 0-1

[Variant "Standard"]
[Site "Europe Echecs"]

[Event "Sunway Sitges Chess Festival"]
[Date "2024.12.21"]
[White "Sayce, Hannah"]
[Black "Perez Garcia, Saul"]
[WhiteElo "1821"]
[BlackElo "1930"]
[Round "7.42"]
[Result "1-0"]
[TimeControl "40/5400+30:1800+30"]

1. e4 c5 2. Nf3 Nc6 3. d4 cxd4 4. Nxd4 e5 5. Nb5 d6 6. N1c3 a6 7. Na3 Be7 8. Nd5 Nf6 9. Nxf6+ Bxf6 10. Nc4 O-O 11. c3 Be6 12. Qxd6 Qe8 13. Qd1 b5 14. Ne3 Qe7 15. Qf3 Rfd8 16. Be2 b4 17. O-O bxc3 18. bxc3 Qc5 19. Nd1 Na5 20. Be3 Qa3 21. Bc1 Qa4 22. Nb2 Qc6 23. Nd1 Rac8 24. Re1 Qa4 25. Bxa6 Rc6 26. Bd3 Rcd6 27. Nb2 Qa3 28. Bc2 Qc5 29. Qe3 Qc7 30. a4 Bg5 31. Qxg5 Qxc3 32. Be3 Qxb2 33. Rad1 f6 34. Qh5 Bf7 35. Qe2 Bc4 36. Rxd6 Rxd6 37. Qg4 Be6 38. Qe2 Bc4 39. Qg4 Be6 40. Qh5 g6 41. Qh4 Qc3 42. f3 Qxc2 43. Qxf6 Qc3 44. Bf2 Nc6 45. f4 Nd4 46. h4 exf4 47. e5 Nf5 48. Rb1 Bc8 49. Qg5 Qxe5 50. Re1 Qc3 51. Qxf4 Qf6 52. Re8+ Kf7 53. Rxc8 Rd1+ 54. Kh2 Rd7 55. Qc4+ Kg7 56. Rg8+ Kh6 57. Qf4+ 1-0

[Variant "Standard"]
[Site "Europe Echecs"]

[Event "Sunway Sitges Chess Festival"]
[Date "2024.12.21"]
[White "Gorshtein, Ido"]
[Black "Moussard, Jules"]
[WhiteElo "2422"]
[BlackElo "2649"]
[Round "8.1"]
[Result "1/2-1/2"]
[TimeControl "40/5400+30:1800+30"]

1. c4 e5 2. g3 Nf6 3. Bg2 h6 4. d3 Bb4+ 5. Nd2 a5 6. Nf3 d6 7. O-O O-O 8. a3 Bc5 9. b3 Nc6 10. Bb2 Bf5 11. Nb1 Re8 12. Nc3 Qd7 13. e3 Bh3 14. Qc2 Bxg2 15. Kxg2 d5 16. cxd5 Nxd5 17. Nxd5 Qxd5 18. Rac1 Bf8 19. Qc4 Rad8 20. Rfd1 Qxc4 21. dxc4 Rxd1 22.
Rxd1 f6 23. g4 Kf7 24. Kf1 Rd8 25.
Rxd8 Nxd8 26. Nd2 b6 27. Ke2 Ke6 28. h3 g6 29. f4 Nc6 30. Nf3 exf4 31. exf4 1/2-1/2

[Variant "Standard"]
[Site "Europe Echecs"]

[Event "Sunway Sitges Chess Festival"]
[Date "2024.12.21"]
[White "Maurizzi, Marc`Andria"]
[Black "Girel, Joseph"]
[WhiteElo "2477"]
[BlackElo "2494"]
[Round "8.2"]
[Result "1/2-1/2"]
[TimeControl "40/5400+30:1800+30"]

1. c4 e6 2. Nf3 d5 3. e3 Nf6 4. Nc3 a6 5. d4 dxc4 6. a4 c5 7. Bxc4 Nc6 8. O-O Be7 9. dxc5 Qxd1 10. Rxd1 Bxc5 11. Nd2 Ke7 12. b3 Rd8 13. Bb2 Bb4 14. Be2 Na5 15. Ba3 Bxa3 16. Rxa3 Nc6 17. Raa1 Bd7 18. Bf3 Be8 19. Nc4 Rxd1+ 20. Rxd1 Rd8 21. Rc1 Nd5 22. Kf1 Nxc3 23. Rxc3 b5 24. Bxc6 Bxc6 25. Ne5 Be8 26. Nc6+ Bxc6 27. Rxc6 bxa4 28. bxa4 Rd6 29. Rc7+ Rd7 30. Rc6 Rd6 31. Rc7+ Rd7 1/2-1/2

[Variant "Standard"]
[Site "Europe Echecs"]

[Event "Sunway Sitges Chess Festival"]
[Date "2024.12.21"]
[White "Alekseenko, Kirill"]
[Black "Vetokhin, Savva"]
[WhiteElo "2673"]
[BlackElo "2502"]
[Round "8.3"]
[Result "0-1"]
[TimeControl "40/5400+30:1800+30"]

1. e4 c5 2. Nf3 d6 3. d4 cxd4 4. Nxd4 Nf6 5. Nc3 Nc6 6. Bc4 Qb6 7. Nb3 e6 8. Be3 Qc7 9. Bd3 a6 10. O-O b5 11. a4 b4 12. Nb5 Qb8 13. N5d4 Nxd4 14. Nxd4 Bb7 15. c3 bxc3 16. a5 Qd8 17. Bc2 Be7 18. Ba4+ Nd7 19. Nc6 Qc7 20. Nxe7 Kxe7 21. Rc1 Qxa5 22. Rxc3 Rhc8 23. Bf4 Ne5 24. Ra3 Qc5 25. b4 Qxb4 26. Rg3 Qxe4 27. Bg5+ f6 28. Re1 Qf5 29. Bc1 g6 30. Ba3 Bd5 31. Qd2 Kf7 32. Bxd6 Nc4 33. Qh6 Qh5 34. Qxh5 gxh5 35. Bf4 e5 36. Bc1 Rg8 37. Rd1 Nb6 38. Bc2 h4 39. Rxg8 Rxg8 40. g3 hxg3 41. fxg3 Rc8 42. Bxh7 Bb3 43. Rf1 Bc2 44. Be3 Nd5 45. Bxc2 Rxc2 46. Bf2 Ra2 47. h4 a5 48. h5 Nc3 49. Be1 Ne2+ 50. Kf2 Nd4+ 51. Ke3 Ra1 52. Kd3 a4 53. g4 Rd1+ 0-1

[Variant "Standard"]
[Site "Europe Echecs"]

[Event "Sunway Sitges Chess Festival"]
[Date "2024.12.21"]
[White "Tin, Jingyao"]
[Black "Kristoferitsch, Daniel"]
[WhiteElo "2480"]
[BlackElo "2287"]
[Round "8.4"]
[Result "1/2-1/2"]
[TimeControl "40/5400+30:1800+30"]

1. c4 c5 2. Nc3 Nc6 3. Nf3 e5 4. g3 g6 5. Bg2 Bg7 6. O-O Nge7 7. Ne1 d6 8. d3 Be6 9. a3 O-O 10. Bg5 h6 11. Bxe7 Qxe7 12. Nc2 f5 13. Ne3 f4 14. Ned5 Qf7 15. Nb5 Rad8 16. Ndc7 Kh7 17. Nxe6 Qxe6 18. Rb1 h5 19. Be4 Bh6 20. Kg2 h4 21. gxh4 f3+ 22. Bxf3 Rxf3 23. exf3 Rf8 24. Re1 Bf4 25. Nc7 Qe7 26. Nd5 Qxh4 27. Nxf4 Rxf4 28. Re4 Nd4 29. Qc1 Qg5+ 30. Kh1 Nxf3 31. Rxf4 exf4 32. Qf1 Qf5 33. Rd1 Qh5 34. Qg2 Kh6 35. h3 Ne5 36. Rd2 g5 37. b3 g4 38. d4 Nf3 39. Re2 Nxd4 40. Re7 g3 41. Re1 Ne2 42. fxg3 f3 43. Qh2 Qe5 44. Qf2 Nxg3+ 45. Kg1 Ne2+ 46. Kh1 Ng3+ 47. Kg1 Ne2+ 48. Kh1 Ng3+ 1/2-1/2

[Variant "Standard"]
[Site "Europe Echecs"]

[Event "Sunway Sitges Chess Festival"]
[Date "2024.12.21"]
[White "Abergel, Thal"]
[Black "Li, Di"]
[WhiteElo "2411"]
[BlackElo "2440"]
[Round "8.5"]
[Result "0-1"]
[TimeControl "40/5400+30:1800+30"]

1. Nf3 Nf6 2. c4 g6 3. b3 Bg7 4. Bb2 c5 5. g3 d6 6. d4 Ne4 7. Nfd2 Ng5 8. h4 Ne6 9. Nf3 Nxd4 10. Nxd4 cxd4 11. Bg2 e5 12. O-O O-O 13. Na3 Nc6 14. Nc2 g5 15. hxg5 Qxg5 16. Ba3 Qg6 17. c5 dxc5 18. Bxc5 Rd8 19. Nb4 Nxb4 20. Bxb4 e4 21. Be7 Re8 22. Bh4 Bg4 23. f3 Bf5 24. Rc1 e3 25. Re1 Rac8 26. Rc4 Rxc4 27. bxc4 Bc2 28. Qc1 d3 29. exd3 Qxd3 30. Bg5 e2 31. Kh2 Qxc4 32. Bh6 Bxh6 33. Qxh6 Qc3 34. Qg5+ Bg6 35. Qb5 Re5 0-1

[Variant "Standard"]
[Site "Europe Echecs"]